Map: King Sejong Station LE

Players

poofball

  • Race: Terran Terran
  • League: Diamond
  • Spawn Location: 11:00

Fropez - Winner!

  • Race: Protoss Protoss
  • League: Gold
  • Spawn Location: 5:00

VOD

Have the link to the VOD?

Description

Time

  • Played on: Oct. 23, 2016, 8:52 p.m.
  • Length: 17:59
Show
View Real Time Build Order
Export as new Build Order

poofball Terran 

Build Orders:  

Get SALT Encoding   

  12  0:03  SCV  
  13  0:15  SCV  
  14  0:26  Refinery  
  14  0:27  SCV  
  15  0:33  Supply Depot  
  15  0:55  SCV  
  16  1:07  SCV  
  17  1:19  SCV  
  18  1:30  Supply Depot, Barracks  
  18  1:31  SCV  
  19  1:43  SCV  
  20  1:47  Barracks  
  20  1:53  Supply Depot  
  20  1:55  SCV  
  21  2:07  SCV  
  22  2:15  Refinery  
  22  2:19  SCV, Barracks  
  22  2:21  Reaper  
  24  2:32  SCV  
  25  2:37  Reaper  
  26  2:52  Supply Depot  
  26  2:55  Reaper  
  27  3:02  Orbital Command  
  27  3:07  Reaper  
  27  3:09  Reaper  
  28  3:41  Reaper  
  28  3:42  Reaper  
  29  4:03  Reaper  
  30  4:14  Reaper  
  31  4:18  Reaper  
  31  4:44  Reaper  
  32  4:46  Reaper  
  32  4:50  Reaper  
  31  5:16  Reaper  
  31  5:18  Reaper  
  31  5:22  Reaper  
  30  5:48  Reaper  
  30  5:50  Reaper  
  30  5:55  SCV  
  31  6:07  SCV, Reaper  
  33  6:12  Command Center  
  33  6:22  Reaper x2  
  35  6:55  Barracks  
  35  6:57  Factory  
  35  7:00  SCV, Engineering Bay, Barracks  
  35  7:13  SCV  
  36  7:25  SCV  
  37  7:35  SCV  
  39  7:37  SCV  
  39  7:40  Missile Turret  
  39  7:42  Missile Turret  
  39  7:43  Marine  
  40  7:44  Widow Mine  
  40  7:47  SCV  
  40  7:49  SCV  
  44  7:59  SCV  
  44  8:01  Marine, SCV  
  47  8:13  Widow Mine  
  47  8:16  SCV  
  47  8:18  Orbital Command  
  50  8:21  Refinery  
  50  8:23  Barracks Tech Lab  
  50  8:24  Barracks Reactor  
  50  8:29  SCV  
  51  8:53  SCV x2  
  53  9:00  Barracks Reactor  
  53  9:02  Barracks Reactor  
  53  9:03  Barracks Tech Lab  
  53  9:05  Marine x2, SCV x2, Marauder  
  53  9:07  Stimpack  
  59  9:11  Command Center  
  59  9:17  SCV  
  59  9:23  Marine x2  
  62  9:26  Terran Infantry Weapons Level 1  
  62  9:29  Marauder  
  59  9:34  Supply Depot  
  37  9:58  SCV x2  
  38  10:10  SCV x2  
  40  10:22  SCV x2, Refinery  
  40  10:23  Marine x2  
  40  10:24  Marine, Marauder  
  40  10:25  Marine, Marauder  
  50  10:28  Combat Shields  
  50  10:34  SCV x2, Starport  
  52  10:38  SCV  
  53  10:44  Marine  
  53  10:45  Marine  
  53  10:46  SCV x2  
  57  10:50  SCV  
  57  10:51  Marine x2  
  57  10:52  Marauder  
  57  10:53  Marine x2  
  64  10:58  SCV x2, Widow Mine  
  64  11:03  SCV  
  62  11:10  SCV  
  58  11:15  SCV  
  55  11:26  SCV x2  
  55  11:27  SCV  
  58  11:36  Marine x2  
  58  11:37  Concussive Shells, Marauder  
  58  11:38  SCV x2  
  58  11:39  SCV  
  65  11:40  Starport Reactor  
  65  11:44  Missile Turret  
  65  11:50  SCV x2  
  65  11:51  SCV  
  68  12:02  SCV x2  
  68  12:03  SCV  
  71  12:14  SCV  
  71  12:15  SCV  
  72  12:27  SCV  
  69  12:39  SCV  
  69  12:40  SCV x2  
  72  12:51  SCV  
  73  12:52  SCV  
  73  12:53  SCV  
  73  12:56  Armory  
  73  12:57  Terran Infantry Armor Level 1  
  75  12:59  Marauder  
  75  13:00  Marine x2  
  75  13:02  Marine x3, Marauder  
  75  13:03  SCV  
  85  13:18  Marine, SCV x3, Supply Depot, Medivac x2  
  93  13:21  Supply Depot  
  93  13:25  Refinery  
  93  13:28  Refinery  
  93  13:36  SCV  
  93  13:39  Marine x2, SCV x2  
  93  13:40  Marauder x2  
  93  13:41  Marine x2  
  101  13:50  Supply Depot  
  101  13:51  SCV  
  101  13:54  SCV  
  74  14:03  SCV  
  69  14:10  SCV x2  
  69  14:16  SCV  
  66  14:18  Marine x2  
  66  14:19  Marine  
  66  14:20  Marine  
  66  14:22  SCV x2  
  69  14:28  SCV, Marauder  
  69  14:29  Marauder  
  70  14:32  Marine  
  70  14:34  SCV  
  70  14:36  Marine  
  70  14:37  Marine x2  
  60  14:49  Marine  
  60  14:50  Marauder  
  60  14:51  Marauder  
  65  14:52  Marine  
  65  14:53  Marine  
  65  14:54  Marine  
  65  14:55  Marine x2  
  59  15:07  Marine  
  59  15:09  Planetary Fortress  
  59  15:10  Marine x2  
  59  15:11  Marine, Marauder  
  59  15:12  Marauder  
  59  15:13  Command Center  
  60  15:32  Marauder  
  60  15:33  Marauder  
  56  15:41  SCV  
  57  15:53  SCV  
  57  15:54  Marauder, Medivac x2  
  57  15:55  Marauder  
  55  16:05  SCV  
  54  16:15  Marauder  
  54  16:16  Marauder  
  54  16:17  SCV  
  59  16:24  Medivac  
  61  16:29  SCV  
  62  16:41  SCV  
  63  16:53  SCV  
  64  16:59  Orbital Command  
Show
View Real Time Build Order
Export as new Build Order

Fropez Protoss - Winner!

Build Orders: 1 Gate Expand 

Get SALT Encoding   

  12  0:01  Probe (Chrono Boost)  
  13  0:14  Pylon  
  13  0:17  Probe (Chrono Boost)  
  14  0:27  Probe (Chrono Boost)  
  15  0:34  Gateway  
  15  0:38  Probe (Chrono Boost)  
  16  0:47  Assimilator  
  16  0:48  Probe (Chrono Boost)  
  17  0:58  Pylon  
  17  0:59  Probe (Chrono Boost)  
  18  1:10  Probe (Chrono Boost)  
  19  1:33  Nexus  
  19  1:35  Probe (Chrono Boost)  
  19  1:45  Probe (Chrono Boost)  
  20  1:51  Cybernetics Core  
  20  1:56  Probe (Chrono Boost)  
  21  2:07  Probe (Chrono Boost), Gateway  
  22  2:18  Pylon, Probe (Chrono Boost)  
  23  2:26  Assimilator  
  23  2:29  Mothership Core (Chrono Boost)  
  25  2:32  Warp Gate (Chrono Boost)  
  25  2:39  Stalker  
  25  2:44  Probe (Chrono Boost)  
  28  2:58  Pylon  
  28  3:04  Adept  
  30  3:08  Probe  
  31  3:14  Probe  
  31  3:19  Assimilator  
  32  3:20  Probe  
  33  3:30  Adept  
  33  3:31  Pylon  
  35  3:42  Stalker  
  35  3:47  Probe  
  35  3:48  Probe  
  37  4:07  Probe x2  
  39  4:21  Probe  
  39  4:22  Gateway  
  39  4:23  Probe  
  39  4:24  Gateway  
  40  4:25  Pylon  
  40  4:35  Adept x2  
  38  5:01  Stalker x2  
  38  5:06  Probe  
  41  5:07  Probe  
  43  5:20  Adept  
  43  5:21  Adept  
  43  5:25  Stalker x2  
  47  5:32  Pylon  
  43  5:38  Pylon, Probe  
  43  5:39  Probe  
  45  5:57  Stalker  
  45  6:01  Stalker  
  45  6:03  Stalker x2  
  53  6:09  Probe  
  54  6:13  Probe  
  55  6:18  Gateway  
  55  6:20  Pylon  
  53  6:33  Stalker x2  
  53  6:34  Stalker x2  
  58  6:58  Gateway  
  58  7:04  Probe x2  
  60  7:15  Assimilator  
  60  7:16  Nexus  
  60  7:18  Pylon  
  60  7:19  Probe x2  
  60  7:22  Forge  
  62  7:29  Probe  
  62  7:31  Probe  
  62  7:34  Pylon  
  64  7:40  Probe  
  64  7:43  Probe  
  66  7:47  Adept x4  
  66  7:48  Adept  
  66  7:50  Protoss Ground Weapons Level 1 (Chrono Boost)  
  76  8:10  Twilight Council  
  75  8:13  Adept x4  
  75  8:14  Adept  
  85  8:32  Probe  
  85  8:33  Probe  
  87  8:39  Gateway  
  87  8:40  Gateway  
  87  8:43  Probe  
  87  8:46  Probe  
  87  8:47  Blink (Chrono Boost)  
  89  8:58  Probe x2  
  89  8:59  Pylon  
  91  9:08  Robotics Facility  
  91  9:10  Probe x2  
  91  9:11  Dark Shrine  
  93  9:22  Probe x2  
  95  9:50  Adept  
  95  9:51  Adept x4  
  105  9:56  Warp Prism  
  103  10:03  Nexus  
  103  10:04  Pylon  
  103  10:07  Pylon  
  95  10:11  Pylon  
  91  10:15  Pylon  
  91  10:29  Photon Cannon  
  91  10:34  Photon Cannon  
  91  10:42  Adept x2  
  95  10:43  Adept x4  
  95  10:44  Photon Cannon  
  103  10:50  Photon Cannon  
  103  10:58  Photon Cannon  
  91  11:24  Adept  
  91  11:25  Adept x6  
  95  11:26  Adept  
  95  11:29  Observer  
  98  11:42  Photon Cannon  
  98  11:45  Photon Cannon  
  98  11:48  Photon Cannon  
  98  11:51  Photon Cannon  
  98  11:53  Pylon  
  98  11:55  Stalker  
  98  11:56  Stalker x2  
  98  11:58  Assimilator  
  104  12:02  Dark Templar  
  104  12:03  Assimilator  
  106  12:10  Dark Templar  
  106  12:12  Protoss Ground Weapons Level 2  
  108  12:29  Observer  
  109  12:35  Resonating Glaives (Chrono Boost)  
  107  12:41  Gateway  
  107  12:42  Gateway  
  107  12:50  Pylon, Probe x2  
  107  12:51  Probe  
  109  12:52  Gateway  
  109  12:55  Pylon  
  109  12:57  Photon Cannon, Gateway  
  110  13:14  Adept x4  
  110  13:15  Adept x3  
  124  13:21  Probe  
  124  13:22  Probe x2  
  121  13:50  Dark Templar  
  121  13:54  Dark Templar  
  115  14:03  Dark Templar  
  115  14:08  Dark Templar  
  113  14:14  Probe x2  
  115  14:25  Nexus  
  115  14:27  Pylon  
  115  14:29  Pylon  
  115  14:30  Probe x2  
  115  14:38  Pylon  
  109  14:50  Pylon  
  109  14:51  Dark Templar  
  109  14:52  Dark Templar x2  
  107  14:54  Pylon  
  107  14:59  Assimilator  
  105  15:02  Assimilator  
  105  15:15  Adept x3  
  105  15:16  Adept x3  
  109  15:40  Adept  
  109  15:41  Adept x5  
  109  15:42  Adept  
  103  15:57  Probe  
  103  15:58  Probe x2  
  103  15:59  Probe  
  103  16:08  Probe  
  103  16:11  Probe  
  101  16:44  Stalker x2  
  105  16:55  Nexus  
  105  16:57  Pylon  
  105  16:58  Pylon  
  102  17:18  Adept x4  
  102  17:19  Adept x5  
  102  17:20  Adept x3  
  104  17:44  Stalker x3  
  104  17:45  Stalker  
Tags
 
Add a new tag
Caveats
  • Supply blocks, unpowered buildings, or Contaminate may cause inaccurate times.
  • Supply counts are checked every 10 seconds.